 Dungeon Crawl Stone Soup version 0.31-a0-431-g88bdf31460 (webtiles) character file.

Game seed: 11750231193058619951

6 shadowstone the Trooper (level 1, 13/14 HPs)
             Began as a Gargoyle Fighter on July 31, 2023.
             Quit the game on level 2 of the Dungeon.
             The game lasted 00:02:14 (366 turns).

shadowstone the Trooper (Gargoyle Fighter)           Turns: 366, Time: 00:02:15

Health: 13/14      AC:  9    Str: 19    XL:     1   Next: 90%
Magic:  1/1        EV:  9    Int:  8    God:
Gold:   30         SH:  4    Dex:  9    Spells: 0/0 levels left

rFire   . . .        a - +0 rapier
rCold   . . .        c - +0 buckler
rNeg    + . .        b - +0 scale mail
rPois   ∞            (no helmet)
rElec   +            (no cloak)
rCorr   .            (no gloves)
SInv    .            (no boots)
Will    .....        (no amulet) Stlth
                     (no ring)
HPRegen 0.22/turn    (no ring)
MPRegen 0.07/turn

%: no passive effects
@: no status effects
A: sickness immunity, AC +2, negative energy resistance 1, electricity
resistance, torment resistance 1, petrification resistance
a: no special abilities


You were on level 2 of the Dungeon.
You visited 1 branch of the dungeon, and saw 2 of its levels.

You collected 30 gold pieces.

Inventory:

Hand Weapons
 a - a +0 rapier (weapon)
Missiles
 i - 6 poisoned darts
Armour
 b - a +0 scale mail (worn)
 c - a +0 buckler (worn)
Scrolls
 e - a scroll of identify
Potions
 d - 2 potions of might
 f - a potion of mutation {unknown}
 g - 2 potions of resistance {unknown}
 h - a potion of berserk rage {unknown}


   Skills:
 + Level 3.6 Fighting
 + Level 1.7 Short Blades
 + Level 3.2 Armour
 + Level 0.4 Dodging
 + Level 3.2 Shields


You couldn't memorise any spells.
You didn't know any spells.
Your spell library was empty.

Dungeon Overview and Level Annotations

Branches:
Dungeon (2/15)

Altars:


Innate Abilities, Weirdness & Mutations

You are immune to sickness and miasma.
Your stone body is resilient. (AC +2)
You are immune to poison.
You resist negative energy. (rN+)
You are resistant to electric shocks. (rElec)
You are resistant to unholy torment.
You are immune to petrification.


Message History

a +0 short sword; a kobold corpse
Found a stone staircase leading down.
Found a scroll labelled FANOMOQA GILESCH.
There is a stone staircase leading up here.
A rat comes into view.
Found a scroll labelled WICKOS XEJUINT.
You see here an inky potion.
You barely miss the rat. The rat bites you but does no damage.
You hit the rat but do no damage. The rat barely misses you.
You hit the rat.
You kill the rat!
Found 2 clear potions.
f - a scroll labelled FANOMOQA GILESCH
g - 2 clear potions
e - 2 scrolls labelled WICKOS XEJUINT (gained 1)
h - an inky potion
As you read the scroll labelled WICKOS XEJUINT, it crumbles to dust.
It is a scroll of identify.
f - a scroll of fear
As you read the scroll of fear, it crumbles to dust.
You assume a fearsome visage.
Nothing appears to happen.
Found 6 poisoned darts.
An endoplasm comes into view.
You hit the endoplasm.
The endoplasm is moderately wounded.
The endoplasm closely misses you.
You hit the endoplasm but do no damage.
The endoplasm is moderately wounded.
The endoplasm hits you but does no damage.
You barely miss the endoplasm.
The endoplasm is moderately wounded.
The endoplasm freezes you.
You are frozen.
You hit the endoplasm.
You kill the endoplasm!
f - a viscous orange potion
d - 2 potions of might (gained 1)
You see here 6 poisoned darts.
i - 6 poisoned darts Are you sure you want to abandon this character and quit the game? (Confirm with "yes".)

#.. #.# #.######
#......# #......# #
#....@.# ##+#.
#......# .....
###......#
......+.#......#
......#.#......#
..........######
######.############+##
#........#......#
#######.........#


There were no monsters in sight!

Vanquished Creatures
  An endoplasm (D:2)
  A giant cockroach (D:1)
  A jackal (D:2)
  A kobold (D:2)
  A rat (D:2)
5 creatures vanquished.

Notes
Turn   | Place    | Note
-------+----------+-------------------------------------------
     0 | D:1      | shadowstone the Gargoyle Fighter began the quest for the
                  | Orb.
     0 | D:1      | Reached XP level 1. HP: 14/14 MP: 1/1
   366 | D:2      | Quit the game

Illustrated notes

Levels and vault maps discovered:
D:1:      erik_arrival_triangle_small, layout_basic
D:2:      layout_basic

Action                     || total
---------------------------++-------
  Melee: Rapier            ||    41
    Use: Scroll            ||     2
 Armour: Scale mail        ||    50
  Dodge: Dodged            ||    62
  Block: Buckler           ||    19

Table legend: (Time is in decaauts)
 A = Elapsed time spent in this place.
 B = Non-inter-level travel time spent in this place.
 C = Inter-level travel time spent in this place.
 D = Time resting spent in this place.
 E = Time spent auto-exploring this place.
 F = Levels seen in this place.
 G = Mean time per level.
                   A        B        C        D        E       F      G
               +--------+--------+--------+--------+--------+-----+--------+
         Total |    371 |    371 |      0 |     26 |    148 |   2 |  185.5 |
       Dungeon |    371 |    371 |      0 |     26 |    148 |   2 |  185.5 |
               +--------+--------+--------+--------+--------+-----+--------+

Top non-repeatable levels by time:
     D:2: 192 daAuts
     D:1: 178 daAuts
